 Dungeon Crawl Stone Soup version 0.30.1-11-g7821555f0a (webtiles) character file.

Game seed: 16241069733435718080

9273 bnorton916 the Destroyer (level 11, -13/54 HPs)
             Began as a Deep Elf Fire Elementalist on Nov 27, 2023.
             Was a Believer of Vehumet.
             Mangled by a two-headed ogre
             ... wielding a +0 giant club
              (18 damage)
             ... on level 10 of the Dungeon.
             The game lasted 00:32:26 (19589 turns).

bnorton916 the Destroyer (DEFE)                    Turns: 19589, Time: 00:32:27

Health: -13/54     AC: 12    Str:  9    XL:     11   Next: 20%
Magic:  18/27      EV: 12    Int: 23    God:    Vehumet [**....]
Gold:   222        SH:  0    Dex: 15    Spells: 6/30 levels left

rFire   . . .        t - staff of conjuration
rCold   . . .        (no shield)
rNeg    . . .        a - +0 robe
rPois   .            s - +3 helmet "Emmemotz" {Str+2}
rElec   .            F - scarf {repulsion}
rCorr   .            l - +1 pair of gloves
SInv    .            (no boots)
Will    +....        (no amulet)
Stlth   +++          R - ring of wizardry
HPRegen 0.29/turn    H - +4 ring of protection
MPRegen 0.20/turn

%: repel missiles, wizardry (x1)
@: no status effects
A: no striking features
a: Renounce Religion


You were on level 10 of the Dungeon.
You worshipped Vehumet.
Vehumet was pleased with you.
You visited 3 branches of the dungeon, and saw 12 of its levels.
You also visited: Ossuary.

You collected 518 gold pieces.
You spent 296 gold pieces at shops.

Inventory:

Hand Weapons
 h - a +2 club
 j - a +1 dagger of holy wrath
 r - a +2 whip of electrocution
Missiles
 M - 12 poisoned darts (quivered)
 U - 2 javelins
Armour
 a - a +0 robe (worn)
 l - a +1 pair of gloves (worn)
 s - the +3 helmet "Emmemotz" (worn) {Str+2}
   (You took it off Robin on level 3 of the Dungeon)

   Str:       It affects your strength (+2).
 F - a scarf of repulsion (worn)
Magical Staves
 t - a staff of conjuration (weapon)
 T - a staff of air
Jewellery
 o - a ring of positive energy
 q - a ring of magical power
 H - a +4 ring of protection (right hand)
 Q - a +6 ring of strength
 R - a ring of wizardry (left hand)
 S - a ring of flight
Wands
 L - a wand of flame (11)
 N - a wand of iceblast (1)
Scrolls
 d - 2 scrolls of poison
 e - 4 scrolls of amnesia
 i - 2 scrolls of vulnerability
 k - 7 scrolls of immolation
 p - a scroll of summoning {unknown}
 u - 2 scrolls of blinking
 v - 3 scrolls of brand weapon {unknown}
 y - 2 scrolls of noise {unknown}
 C - 2 scrolls of magic mapping
 G - 3 scrolls of fog
 I - 4 scrolls of enchant armour {unknown}
 J - 2 scrolls of teleportation {unknown}
 K - a scroll of fear
 P - a scroll of silence
Potions
 b - 2 potions of magic
 c - a potion of haste
 f - 2 potions of might
 g - 4 potions of cancellation
 m - a potion of brilliance
 n - 2 potions of lignification {unknown}
 w - 4 potions of flight {unknown}
 x - a potion of ambrosia
 z - a potion of berserk rage
 A - 5 potions of curing
 D - 2 potions of mutation {unknown}
 E - 4 potions of heal wounds {unknown}
 O - 2 potions of degeneration {unknown}


   Skills:
 - Level 4.0 Armour
 - Level 2.4 Dodging
 - Level 6.0 Stealth
 - Level 10.2 Spellcasting
 + Level 12.1 Conjurations
 - Level 7.2 Fire Magic
 - Level 6.0 Ice Magic
 - Level 4.0 Air Magic
 - Level 2.0 Poison Magic


You had 6 spell levels left.
You knew the following spells:

 Your Spells              Type           Power      Damage    Failure   Level
a - Foxfire               Conj/Fire      100%       2x1d9     1%          1
b - Scorch                Fire           90%        2d8       1%          2
c - Flame Wave            Conj/Fire      71%        2d16      1%          4
d - Volatile Blastmotes   Fire/Tloc      56%        2d14      1%          3
e - Mephitic Cloud        Conj/Pois/Air  56%        N/A       1%          3
f - Freezing Cloud        Conj/Ice/Air   31%        6-21      3%          5
g - Searing Ray           Conj           100%       2d8       1%          2
h - Airstrike             Air            15%        2d(3-19)  4%          4

Your spell library contained the following spells:

 Spells                   Type           Power      Damage    Failure   Level
 Magic Dart               Conj           100%       1d8       1%          1
 Ensorcelled Hibernation  Hex/Ice        50%        N/A       1%          2
 Poisonous Vapours        Pois/Air       50%        N/A       1%          2
 Static Discharge         Conj/Air       100%       2-7/arc   1%          2
 Inner Flame              Hex/Fire       28%        N/A       1%          3
 Swiftness                Air            30%        N/A       1%          3
 Passwall                 Tmut/Erth      9%         N/A       3%          2
 Portal Projectile        Hex/Tloc       22%        N/A       7%          3
 Tukima's Dance           Hex            11%        N/A       7%          3
 Summon Lightning Spire   Summ/Air       20%        N/A       10%         4
 Blade Hands              Tmut           5%         N/A       50%         5


Dungeon Overview and Level Annotations

Branches:
Dungeon (10/15)            Temple (1/1) D:5            Lair (1/5) D:10
    Orc (0/2) D:10        Ossuary (visited)

Altars:
Ashenzari
Cheibriados
Dithmenos
Elyvilon
Fedhas
Gozag
Hepliaklqana
Kikubaaqudgha
Makhleb
Nemelex Xobeh
Okawaru
Qazlal
Ru
Sif Muna
Trog
Uskayaw
Vehumet
Wu Jian
Xom
Yredelemnul
Zin
The Shining One

Shops:
D:5 (?

Annotations:
D:8 2 transporters, Fractals's ghost, novice MfGl


Message History

The poisoned dart barely misses the two-headed ogre.
Casting: Scorch (safe; 1% risk of failure)
Confirm with . or Enter, or press ? or * to list all spells.
Aiming: Mephitic Cloud (safe; 1% risk of failure)
Press: ? - help, Shift-Dir - straight line, f/p - two-headed ogre
Aim: a two-headed ogre, wielding a +0 giant club and a +0 giant spiked club (chance to affect: 53%)
You feel a surge of power!
The ball explodes into a vile cloud!
The stinking cloud engulfs the two-headed ogre but does no damage.
The two-headed ogre is engulfed in noxious fumes.
Casting: Mephitic Cloud (safe; 1% risk of failure)
Confirm with . or Enter, or press ? or * to list all spells.
Flames lash the two-headed ogre.
The two-headed ogre is moderately wounded.
The two-headed ogre's fire resistance burns away.
The two-headed ogre is engulfed in noxious fumes.
Unknown command.
Casting: Scorch (safe; 1% risk of failure)
Confirm with . or Enter, or press ? or * to list all spells.
Flames lash the two-headed ogre.
The two-headed ogre is burned terribly!
The two-headed ogre is moderately wounded.
The two-headed ogre hits you with a +0 giant club!
The two-headed ogre barely misses you.
The two-headed ogre hits you with a +0 giant club!!
* * * LOW HITPOINT WARNING * * *
The two-headed ogre closely misses you.
Unknown command.
Casting: Scorch (safe; 1% risk of failure)
Confirm with . or Enter, or press ? or * to list all spells.
Aiming: Mephitic Cloud (safe; 1% risk of failure)
Press: ? - help, Shift-Dir - straight line, p - two-headed ogre You feel a surge of power!
The ball explodes into a vile cloud!
The stinking cloud engulfs the two-headed ogre but does no damage.
The two-headed ogre is moderately wounded.
Unknown command.
Unknown command.
The two-headed ogre is engulfed in noxious fumes.
The two-headed ogre hits you with a +0 giant club!
* * * LOW HITPOINT WARNING * * *
The two-headed ogre hits you with a +0 giant spiked club!!
You die...

.........##+###....#.............
#####....#..###....#.............
....#....#...#.....#########.....
....#....#...#...... #.....
..).'....#.<.#....... #.....
.##+#....#'#################.....
.#........(°.....................
.#.........[.....[...............
.'.........○.°☼§@........>.......
.#............☼.O................
##............○○.................
....#'###########'###############
....#.........#........#...#.....
######'.......+........#...#.....
......#.......#........#...#.....
≈≈≈≈..###########...####..###.###
.☼≈≈≈.#.......##.....###..###.###


You could see a two-headed ogre (combustible).

Vanquished Creatures
  An elephant (D:10)
  A torpor snail (Lair:1)
  A cane toad (Lair:1)
  A gargoyle (D:10)
  A troll (D:10)
  2 dream sheep (Lair:1)
  3 hornets
  Sigmund (D:3)
  6 yaks (D:10)
  4 fire bats (D:10)
  2 wyverns
  2 basilisks (D:10)
  4 vampire mosquitoes
  A steam dragon (D:9)
  Edmund (D:6)
  4 water moccasins
  A hell hound (D:10)
  2 orc warriors (D:9)
  3 black bears
  2 ogres
  3 phantoms
  3 centaurs
  5 bullfrogs
  2 elf zombies (Ossuary)
  A kobold brigand (D:9)
  3 scorpions
  A gnoll sergeant (D:9)
  3 howler monkeys (D:9)
  A centaur zombie (Ossuary)
  A human zombie (Ossuary)
  2 lava snakes (D:10)
  2 quasits (D:6)
  6 orc priests
  A hound (D:5)
  A jelly (D:4)
  Jessica (D:2)
  A gnoll bouda (D:6)
  10 orc wizards
  3 iguanas
  6 hell rats (Lair:1)
  2 mummies (Ossuary)
  Robin (D:3)
  12 adders
  6 gnolls
  4 shadow imps (D:6)
  5 white imps (D:6)
  An ufetubus (D:6)
  An adder zombie (Ossuary)
  2 worms
  2 dart slugs
  50 orcs
  6 ball pythons
  5 bats
  7 endoplasms
  5 giant cockroaches
  12 goblins
  6 hobgoblins
  2 jackals (D:1)
  7 kobolds
  2 quokkas (D:4)
  6 frilled lizards
  2 goblin zombies (Ossuary)
  7 hobgoblin zombies (Ossuary)
  A jackal zombie (Ossuary)
  10 kobold zombies (Ossuary)
  10 orc zombies (Ossuary)
  A quokka zombie (D:4)
  6 rats
  3 rat zombies
  2 fire vortices (D:10)
285 creatures vanquished.

Vanquished Creatures (collateral kills)
  A howler monkey (D:9)
1 creature vanquished.

Vanquished Creatures (others)
  A fire vortex (D:10)
  924 foxfires
925 creatures vanquished.

Grand Total: 1211 creatures vanquished

Notes
Turn   | Place    | Note
-------+----------+-------------------------------------------
     0 | D:1      | bnorton916 the Deep Elf Fire Elementalist began the quest
                  | for the Orb.
     0 | D:1      | Reached XP level 1. HP: 10/10 MP: 6/6
   259 | D:1      | Reached XP level 2. HP: 8/15 MP: 0/8
   628 | D:1      | Found a faded altar of an unknown god.
   671 | D:1      | Reached skill level 2 in Conjurations
  1252 | D:1      | Reached XP level 3. HP: 19/19 MP: 7/10
  1506 | D:1      | Learned a level 2 spell: Scorch
  1634 | D:2      | Noticed Jessica
  1639 | D:2      | Killed Jessica
  1640 | D:2      | Reached XP level 4. HP: 24/24 MP: 8/12
  2206 | D:3      | Noticed Sigmund
  2276 | D:3      | Reached skill level 3 in Conjurations
  2682 | D:3      | Reached XP level 5. HP: 18/28 MP: 2/14
  3011 | D:3      | Identified the +3 helmet "Emmemotz" {Str+2}
  3011 | D:3      | Noticed Robin
  3018 | D:3      | Killed Robin
  3221 | D:3      | Killed Sigmund
  3222 | D:3      | Reached skill level 5 in Spellcasting
  3222 | D:3      | Reached skill level 4 in Conjurations
  3222 | D:3      | Reached skill level 5 in Fire Magic
  3222 | D:3      | Reached XP level 6. HP: 32/32 MP: 11/16
  3231 | D:3      | Learned a level 4 spell: Flame Wave
  3491 | D:3      | Identified the +7 long sword "Modirch" {drain, *Noise rF+
                  | Will- Int+4}
  4028 | D:4      | Found a sand-covered staircase.
  4073 | Ossuary  | Entered an ossuary
  4294 | Ossuary  | Learned a level 3 spell: Volatile Blastmotes
  4737 | Ossuary  | Reached XP level 7. HP: 17/36 MP: 11/18
  4767 | Ossuary  | Reached skill level 5 in Conjurations
  6437 | D:4      | Identified the +10 dagger "Jotorrut" {antimagic, rPois
                  | Int+3}
  6725 | D:4      | Reached XP level 8. HP: 41/41 MP: 21/21
  6752 | D:4      | Found an ancient bone altar of Kikubaaqudgha.
  6752 | D:4      | Found a shimmering blue altar of Sif Muna.
  6754 | D:4      | Found a radiant altar of Vehumet.
  6759 | D:4      | Got Vehumet's Encyclopedia of Injury
  6761 | D:4      | Became a worshipper of Vehumet
  6787 | D:5      | Entered Level 5 of the Dungeon
  6829 | D:5      | Reached skill level 6 in Conjurations
  7023 | D:5      | Found Xoeqic's Magic Scroll Shop.
  7039 | D:5      | Bought a scroll of blinking for 82 gold pieces
  7039 | D:5      | Bought a scroll of fog for 44 gold pieces
  7039 | D:5      | Bought a scroll of magic mapping for 82 gold pieces
  7039 | D:5      | Found Bufyokk's Antique Weapon Boutique.
  7183 | D:5      | Found a staircase to the Ecumenical Temple.
  7204 | Temple   | Entered the Ecumenical Temple
  7477 | D:5      | Learned a level 3 spell: Mephitic Cloud
  7790 | D:6      | Reached skill level 1 in Poison Magic
  7791 | D:6      | Reached skill level 1 in Air Magic
  7799 | D:6      | Noticed Edmund
  8089 | D:5      | Reached skill level 7 in Conjurations
  8334 | D:6      | Killed Edmund
  8744 | D:5      | Reached * piety under Vehumet
  8744 | D:5      | Offered knowledge of Shock by Vehumet.
  9025 | D:6      | Reached XP level 9. HP: 38/45 MP: 24/24
  9128 | D:6      | Learned a level 5 spell: Freezing Cloud
  9419 | D:7      | Reached skill level 1 in Ice Magic
 10279 | D:7      | Found an opulent altar of Gozag.
 10625 | D:7      | Reached skill level 8 in Conjurations
 10639 | D:7      | Reached skill level 10 in Spellcasting
 10858 | D:7      | Found a white marble altar of Elyvilon.
 10912 | D:8      | Found an iron altar of Okawaru.
 11094 | D:8      | Found a stormy altar of Qazlal.
 11162 | D:8      | Found a transporter.
 11165 | D:8      | Noticed Fractals's ghost (novice MfGl)
 11167 | D:8      | Noticed a catoblepas
 11169 | D:8      | Noticed a moth of wrath
 11997 | D:8      | Found a transporter.
 12944 | D:9      | Found a broken altar of Ashenzari.
 12993 | D:9      | Reached skill level 9 in Conjurations
 13176 | D:9      | Reached skill level 5 in Stealth
 13432 | D:9      | Reached XP level 10. HP: 50/50 MP: 26/26
 13637 | D:9      | Found an ornate altar of the Wu Jian Council.
 13942 | D:9      | Reached skill level 5 in Ice Magic
 14401 | D:5      | Bought a scroll of identify for 22 gold pieces
 14401 | D:5      | Bought a scroll of identify for 22 gold pieces
 14401 | D:5      | Bought a scroll of identify for 22 gold pieces
 14401 | D:5      | Bought a scroll of identify for 22 gold pieces
 14575 | D:10     | Entered Level 10 of the Dungeon
 15668 | D:10     | Reached ** piety under Vehumet
 15708 | D:9      | Offered knowledge of Searing Ray by Vehumet.
 15900 | D:9      | Learned a level 2 spell: Searing Ray
 16173 | D:10     | Reached skill level 10 in Conjurations
 16243 | D:10     | Learned a level 4 spell: Airstrike
 16253 | D:10     | Found a staircase to the Orcish Mines.
 16374 | D:10     | Reached skill level 1 in Armour
 16949 | D:10     | Found a staircase to the Lair.
 16949 | D:10     | Noticed an elephant
 17163 | D:10     | Killed an elephant
 17502 | D:10     | Identified the +1 ring mail of the Land of Plenty {Stlth+}
 17554 | D:10     | Reached skill level 11 in Conjurations
 17681 | D:10     | Noticed a two-headed ogre
 18234 | D:10     | Noticed a gargoyle
 18293 | Lair:1   | Entered Level 1 of the Lair of Beasts
 18295 | Lair:1   | Noticed a torpor snail
 18296 | Lair:1   | Reached XP level 11. HP: 54/54 MP: 19/27
 18746 | Lair:1   | Reached skill level 12 in Conjurations
 19589 | D:10     | Mangled by a two-headed ogre

Illustrated notes

Levels and vault maps discovered:
D:1:      evilmike_arrival_crescent, layout_basic,
          hellmonk_ecumenical_altar_pennies_from_heaven
D:2:      layout_rooms, uniq_jessica
D:3:      cheibrodos_pilgrimage, layout_loops_ring, kennysheep_doodads,
          uniq_sigmund, uniq_robin
D:4:      layout_loops_ring, grunt_temple_overflow_magic_moments,
          enter_ossuary_4
D:5:      layout_cave_pods, minmay_temple_entry_wispy, serial_shops, shop, shop
D:6:      layout_cave_pools, serial_demonic, serial_demonic_a, serial_demonic_c,
          serial_demonic_f, serial_demonic_d, serial_demonic_g, uniq_edmund
D:7:      layout_loops_ring, lemuel_crystal_altar, mainiacjoe_overflow_alcove_4
D:8:      layout_basic, hellmonk_okawaru_the_only_friend_you_need,
          mainiacjoe_overflow_brackets, gammafunk_ghost_berserking_beasts,
          minmay_misc_feat_enclosed
D:9:      layout_loops_cross, ashenzari_altar_1,
          mainiacjoe_overflow_six_doors_small
D:10:     layout_gridville, david_lair_generic, david_orc_5,
          hangedman_incinerator
Temple:   nicolae_temple_god_jail
Lair:1:   layout_chaotic_city, wad_woods_road_02

Skill      XL: |  1  2  3  4  5  6  7  8  9 10 11 |
---------------+----------------------------------+-----
Conjurations   | 2 3 4 5 7 9 11 12 | 12.1
Spellcasting   | 4 5 6 7 9 10 | 10.2
Fire Magic     | 4 5 6 7 |  7.2
Poison Magic   | 2 |  2.0
Air Magic      | 2 3 4 |  4.0
Ice Magic      | 4 6 |  6.0
Stealth        | 5 6 |  6.0
Armour         | 3 4 |  4.0
Dodging        | |  2.4

Action                     |  1- 3 |  4- 6 |  7- 9 | 10-12 || total
---------------------------+-------+-------+-------+-------++-------
  Melee: Whip              |       |     5 |       |       ||     5
         Staff             |       |       |     8 |       ||     8
  Throw: Dart              |       |       |     2 |     2 ||     4
   Cast: Foxfire           |    93 |   125 |   240 |    76 ||   534
         Scorch            |     1 |    22 |   106 |    62 ||   191
         Volatile Blastmot |       |     2 |     2 |     1 ||     5
         Mephitic Cloud    |       |       |    16 |     6 ||    22
         Flame Wave        |       |       |     1 |     4 ||     5
         Airstrike         |       |       |       |    17 ||    17
         Searing Ray       |       |       |       |     6 ||     6
         Freezing Cloud    |       |       |       |    10 ||    10
    Use: Potion            |     1 |     1 |       |       ||     2
         Scroll            |       |     5 |     2 |     7 ||    14
 Armour: Robe              |     7 |    28 |    52 |    53 ||   140
  Dodge: Dodged            |    30 |    27 |    76 |    85 ||   218
         Repelled          |       |       |     1 |       ||     1
